 Dungeon Crawl Stone Soup version 0.28-a0-1510-gd0f6b136d3 (webtiles) character file.

Game seed: 8743283912932711541

868 croobank the Sneak (level 8, 0/46 HPs)
             Began as an Octopode Summoner on Jan 15, 2022.
             Slain by a troll (15 damage)
             ... on level 5 of the Dungeon.
             The game lasted 00:18:08 (5538 turns).

croobank the Sneak (Octopode Summoner)              Turns: 5538, Time: 00:18:09

Health: 0/46       AC:  1    Str:  9    XL:     8   Next: 3%
Magic:  3/14       EV: 14    Int: 18    God:
Gold:   121        SH:  0    Dex: 12    Spells: 2/15 levels left

rFire   . . .      SeeInvis .   a - +0 hand axe
rCold   . . .      Faith    .   (no shield)
rNeg    . . .      Spirit   .   (helmet restricted)
rPois   .          Reflect  .   (no amulet)
rElec   .          Harm     .   (no ring)
rCorr   .          Rampage  .   (no ring)
Will    .....                   (no ring)
Stlth   ++++......              (no ring)
HPRegen 0.15/turn               (no ring)
MPRegen 0.14/turn               (no ring)
                                (no ring)
                                (no ring)

@: hasted, very quick
A: almost no armour, amphibious, 8 rings, camouflage 1, gelatinous body 1,
(nimble swimmer 1), tentacles, sense surroundings 1
a: no special abilities


You were on level 5 of the Dungeon.
You visited 1 branch of the dungeon, and saw 5 of its levels.

You collected 121 gold pieces.

Inventory:

Hand Weapons
 a - a +0 hand axe (weapon)
 i - a +0 scythe
Missiles
 b - 88 arrows
 d - 213 stones
 l - 18 bolts
 n - 2 boomerangs
Magical Staves
 j - a staff of cold
Scrolls
 c - 2 scrolls of fog
 h - a scroll of torment {unknown}
 k - a scroll of silence
 p - a scroll of enchant armour {unknown}
Potions
 e - 2 potions of curing
 f - a potion of mutation
 g - a potion of haste
 m - a potion of heal wounds {unknown}
 o - a potion of lignification {unknown}


   Skills:
 + Level 4.7 Dodging
 + Level 6.8 Stealth
 + Level 4.4 Spellcasting
 + Level 5.9 Summonings


You had 2 spell levels left.
You knew the following spells:

 Your Spells              Type           Power      Damage    Failure   Level
a - Summon Small Mammal   Summ           100%       N/A       1%          1
b - Call Imp              Summ           25%        N/A       1%          2
c - Call Canine Familiar  Summ           25%        N/A       3%          3
d - Summon Guardian Gole  Hex/Summ       14%        N/A       13%         3
e - Summon Lightning Spi  Summ/Air       14%        N/A       38%         4

Your spell library contained the following spells:

 Spells                   Type           Power      Damage    Failure   Level


Dungeon Overview and Level Annotations

Branches:
Dungeon (5/15)
 Temple: D:4-7

Altars:

Annotations:
D:2 1 runed translucent door, Crazy Yiuf


Innate Abilities, Weirdness & Mutations

You cannot wear most types of armour.
You are amphibious.
You can wear up to eight rings at the same time.
Your skin changes colour to match your surroundings (Stealth+).
Your rubbery body absorbs attacks. (AC +1, EV +1)
((You are camouflaged when in or above water. (Stealth+)))
You have tentacles for arms and can constrict up to eight enemies at once.
You passively map a small area around you.


Message History

You open the door.
There is an open door here.
A troll comes into view.
Casting: Call Canine Familiar (dangerous; 3% risk of failure)
Confirm with . or Enter, or press ? or * to list all spells.
The spell is quite dangerous to miscast (38% risk of failure)!
Continue anyway?
An electric hum fills the air.
Casting: Summon Lightning Spire (quite dangerous; 38% risk of failure)
Confirm with . or Enter, or press ? or * to list all spells.
A guardian golem appears, shielding your allies.
Casting: Summon Guardian Golem (dangerous; 13% risk of failure)
Confirm with . or Enter, or press ? or * to list all spells.
Casting: Call Canine Familiar (dangerous; 3% risk of failure)
Confirm with . or Enter, or press ? or * to list all spells.
A beastly little devil appears in a puff of flame.
You swap places.
Your hound bites the troll!
Your hound bites the troll.
Your hound bites the troll but does no damage.
Your crimson imp hits the troll but does no damage.
Your hound closely misses the troll.
A bullfrog skeleton and a scorpion come into view.
Your crimson imp blinks!
The troll bites you!! The troll barely misses you. The troll claws you!
You feel yourself speed up.
Your hound bites the troll.
Your crimson imp misses the troll.
The troll bites you!
* * * LOW HITPOINT WARNING * * *
The troll barely misses you. The troll closely misses you.
Your hound bites the troll but does no damage.
Your hound closely misses the troll.
Your crimson imp hits the troll.
Your hound bites the troll.
Your crimson imp closely misses the troll.
Okay, then.
Okay, then.
Sorry, you're not good enough to have a special ability.
Unknown command.
It was a potion of curing.
You feel better.
Okay, then.
Your hound bites the troll.
The troll closely misses you. The troll claws you. The troll claws you!
You die...

###### #....#
#.Z..## #.....#
#.....# #.....#
#.....# #..@..#
#...T.# #...h9#
* * ##....5##
..........#
..........#
.....####.#### ,
,..... #8...# ,
s....#######'###


You could see a troll (ally target), a bullfrog skeleton (dormant), a friendly
guardian golem (summoned), a friendly lightning spire (summoned, sheltered), a
friendly hound (summoned, sheltered) and a friendly crimson imp (summoned,
sheltered).

Vanquished Creatures
  Grinder (D:3)
  A scorpion (D:4)
  A water moccasin skeleton (D:3)
  Robin (D:2)
  3 adders
  A worm (D:2)
  2 dart slugs
  4 orcs
  3 endoplasms
  5 giant cockroaches
  6 goblins
  9 hobgoblins
  7 jackals
  4 quokkas
  6 ball pythons
  7 bats
  4 frilled lizards
  3 kobolds
  6 rats
74 creatures vanquished.

Vanquished Creatures (collateral kills)
  Sigmund (D:2)
  An ogre (D:4)
  An orc priest (D:4)
  Jessica (D:3)
  An orc wizard (D:3)
  An adder (D:3)
  9 orcs
  A bat (D:2)
  An endoplasm (D:2)
  4 goblins
  4 hobgoblins
  2 jackals (D:3)
  A quokka (D:2)
28 creatures vanquished.

Vanquished Creatures (others)
  A wyvern zombie (D:4)
1 creature vanquished.

Grand Total: 103 creatures vanquished

Notes
Turn   | Place    | Note
-------+----------+-------------------------------------------
     0 | D:1      | croobank the Octopode Summoner began the quest for the Orb.
     0 | D:1      | Reached XP level 1. HP: 11/11 MP: 3/3
   174 | D:1      | Reached skill level 3 in Stealth
   174 | D:1      | Reached XP level 2. HP: 12/17 MP: 3/5
   947 | D:1      | Reached XP level 3. HP: 15/21 MP: 6/6
  1139 | D:2      | Noticed Sigmund
  1257 | D:3      | Noticed Grinder
  1325 | D:2      | Learned a level 2 spell: Call Imp
  1329 | D:2      | Learned a level 3 spell: Call Canine Familiar
  1399 | D:2      | Killed Sigmund
  1400 | D:2      | Reached skill level 4 in Stealth
  1400 | D:2      | Reached XP level 4. HP: 20/27 MP: 0/8
  1400 | D:2      | Reached XP level 5. HP: 23/31 MP: 0/9
  1548 | D:2      | Noticed Robin
  1589 | D:2      | Killed Robin
  1601 | D:2      | Reached XP level 6. HP: 17/36 MP: 7/10
  2128 | D:2      | Found a runed translucent door.
  2129 | D:2      | Noticed Crazy Yiuf
  2230 | D:2      | Gained mutation: You are robust. (+10% HP) [potion of
                  | mutation]
  2230 | D:2      | Lost mutation: You are robust. (+10% HP) [potion of
                  | mutation]
  2230 | D:2      | Gained mutation: You passively map a small area around you.
                  | [potion of mutation]
  2320 | D:3      | Reached skill level 5 in Stealth
  2320 | D:3      | Reached skill level 5 in Summonings
  2356 | D:3      | Noticed Jessica
  2367 | D:3      | Killed Jessica
  2465 | D:3      | Found a faded altar of an unknown god.
  2754 | D:3      | Learned a level 3 spell: Summon Guardian Golem
  3877 | D:3      | Killed Grinder
  3878 | D:3      | Reached skill level 6 in Stealth
  3878 | D:3      | Reached XP level 7. HP: 41/41 MP: 3/13
  4966 | D:4      | Reached XP level 8. HP: 13/46 MP: 9/14
  5197 | D:4      | Learned a level 4 spell: Summon Lightning Spire
  5510 | D:5      | Entered Level 5 of the Dungeon
  5524 | D:5      | Noticed a troll
  5538 | D:5      | Slain by a troll

Illustrated notes

Levels and vault maps discovered:
D:1:      dpeg_arrival_houses_and_road, layout_basic, interstate_on_off
D:2:      layout_rooms, uniq_sigmund, uniq_crazy_yiuf_cottage, uniq_robin
D:3:      layout_basic, ebering_ecumenical_altar_abandoned, uniq_jessica,
          uniq_grinder
D:4:      layout_basic
D:5:      layout_basic, slow_altar_1

Skill      XL: |  1  2  3  4  5  6 |
---------------+-------------------+-----
Stealth        | 3 4 6 |  6.8
Dodging        | 3 4 |  4.7
Spellcasting   | 3 4 |  4.4
Summonings     | 5 |  5.9

Action                   |  1- 3 |  4- 6 |  7- 9 || total
-------------------------+-------+-------+-------++-------
Melee: Hand axe          |    53 |    83 |    29 ||   165
       Tentacles         |     9 |    20 |     6 ||    35
       Constrict         |    13 |    19 |     7 ||    39
       Punch             |     3 |     1 |       ||     4
 Cast: Summon Small Mamm |     4 |     7 |     2 ||    13
       Call Imp          |     1 |     8 |     2 ||    11
       Call Canine Famil |     1 |     8 |     3 ||    12
       Summon Guardian G |       |     3 |     5 ||     8
       Summon Lightning  |       |       |     1 ||     1
  Use: Scroll            |       |     6 |       ||     6
       Potion            |       |     1 |     2 ||     3
 Stab: Sleeping          |     9 |     5 |     2 ||    16
       Distracted        |       |     3 |       ||     3
Armor: Skin              |    11 |     6 |       ||    17
Dodge: Dodged            |    47 |    67 |    28 ||   142

Table legend: (Time is in decaauts)
 A = Elapsed time spent in this place.
 B = Non-inter-level travel time spent in this place.
 C = Inter-level travel time spent in this place.
 D = Time resting spent in this place.
 E = Time spent auto-exploring this place.
 F = Levels seen in this place.
 G = Mean time per level.
                   A        B        C        D        E       F      G
               +--------+--------+--------+--------+--------+-----+--------+
         Total |   5585 |   5487 |     98 |   1258 |   3166 |   5 | 1117.0 |
       Dungeon |   5585 |   5487 |     98 |   1258 |   3166 |   5 | 1117.0 |
               +--------+--------+--------+--------+--------+-----+--------+

Top non-repeatable levels by time:
     D:3: 1825 daAuts
     D:4: 1479 daAuts
     D:2: 1140 daAuts
     D:1: 1113 daAuts
     D:5: 26 daAuts
